 Dungeon Crawl Stone Soup version 0.28-b1-25-g9875b3fc8c (webtiles) character file.

Game seed: 12980691120410998539

133 pkoi the Chopper (level 4, -3/40 HPs)
             Began as a Minotaur Gladiator on Feb 2, 2022.
             Was a Believer of Uskayaw.
             Slain by Grinder (6 damage)
             ... while paralysed by Grinder
             ... on level 3 of the Dungeon.
             The game lasted 00:02:10 (1866 turns).

pkoi the Chopper (Minotaur Gladiator)               Turns: 1866, Time: 00:02:11

Health: -3/40      AC:  3    Str: 21    XL:     4   Next: 93%
Magic:  3/3        EV:  2    Int:  5    God:    Uskayaw [**....]
Gold:   199        SH:  0    Dex: 11    Spells: 3/3 levels left

rFire   . . .      SeeInvis .   a - +0 war axe
rCold   . . .      Faith    .   (no shield)
rNeg    . . .      Spirit   .   b - +0 leather armour
rPois   .          Reflect  .   c - +0 hat
rElec   .          Harm     .   (no cloak)
rCorr   .          Rampage  .   (no gloves)
Will    .....                   (no boots)
Stlth   +.........              (no amulet)
HPRegen 0.13/turn               (no ring)
MPRegen 0.08/turn               (no ring)

@: paralysed
A: horns 2, retaliatory headbutt
a: Renounce Religion, Stomp, Line Pass


You were on level 3 of the Dungeon.
You worshipped Uskayaw.
Uskayaw was noncommittal.
You visited 1 branch of the dungeon, and saw 3 of its levels.

You collected 199 gold pieces.

Inventory:

Hand Weapons
 a - a +0 war axe (weapon)
Missiles
 d - 3 throwing nets (quivered)
Armour
 b - a +0 leather armour (worn)
 c - a +0 hat (worn)
Scrolls
 e - a scroll of enchant weapon {unknown}
 h - a scroll of summoning
 j - a scroll of identify {unknown}
 k - 2 scrolls of enchant armour {unknown}
 l - a scroll of noise {unknown}
 n - a scroll of vulnerability {unknown}
Potions
 f - 2 potions of might {unknown}
 g - a potion of lignification {unknown}
 i - a potion of cancellation {unknown}
 m - a potion of attraction {unknown}


   Skills:
 + Level 3.6 Fighting
 * Level 5.5 Axes
 - Level 2.0 Throwing
 + Level 2.5 Armour
 - Level 3.2 Dodging


You had 3 spell levels left.
You didn't know any spells.
Your spell library contained the following spells:

 Spells                   Type           Power      Damage    Failure   Level
 Summon Guardian Golem    Hex/Summ       0%         N/A       88%         3
 Orb of Destruction       Conj           0%         9d5       100%        7
 Spellforged Servitor     Conj/Summ      0%         N/A       100%        7


Dungeon Overview and Level Annotations

Branches:
Dungeon (3/15)

Altars:
Uskayaw

Shops:
D:2 [

Annotations:
D:3 Grinder


Innate Abilities, Weirdness & Mutations

You have a pair of horns on your head.
You reflexively headbutt those who attack you in melee.


Message History

You slash the giant cockroach!
You kill the giant cockroach!
Grinder gestures at you.
You suddenly lose the ability to move!
Grinder says, "Just stop there for a second..."
Grinder hits you!
You writhe in agony.
You can move again.
Unknown command.
Unknown command.
Unknown command.
You hit Grinder. Your headbutt misses Grinder.
Grinder is heavily wounded.
Grinder barely misses you.
You barely miss Grinder. Your headbutt misses Grinder.
Grinder is heavily wounded.
Grinder completely misses you. Grinder barely misses you.
Unknown command.
You barely miss Grinder.
Grinder is heavily wounded.
Grinder hits you.
You writhe in agony.
* * * LOW HITPOINT WARNING * * *
Grinder barely misses you. You furiously retaliate!
You headbutt Grinder!
Unknown command.
You closely miss Grinder.
Grinder is severely wounded.
Grinder says, "Don't move a muscle."
Grinder blinks!
Unknown command.
You barely miss Grinder.
Grinder is severely wounded.
Grinder hits you.
* * * LOW HITPOINT WARNING * * *
You writhe in agony.
* * * LOW HITPOINT WARNING * * *
Grinder gestures at you.
You suddenly lose the ability to move!
Grinder hits you.
* * * LOW HITPOINT WARNING * * *
You writhe in agony.
You die...

#......#.#######
#.......>.......
#####.##########
#######.#
#.......#
#.####### #.#
###.### #.5@..#
#.#ยง#.#
...#.#.# ### #.#
# #.# #.# #.#
#.#


You could see Grinder (fast).

Vanquished Creatures
  An orc wizard (D:3)
  Robin (D:3)
  3 adders
  A dart slug (D:2)
  2 orcs (D:3)
  4 ball pythons (D:1)
  3 endoplasms
  3 giant cockroaches
  10 goblins
  8 hobgoblins
  3 jackals (D:3)
  3 quokkas (D:1)
  4 bats
  3 frilled lizards
  7 kobolds
  4 rats
60 creatures vanquished.

Notes
Turn   | Place    | Note
-------+----------+-------------------------------------------
     0 | D:1      | pkoi the Minotaur Gladiator began the quest for the Orb.
     0 | D:1      | Reached XP level 1. HP: 18/18 MP: 0/0
   237 | D:1      | Reached skill level 4 in Axes
   246 | D:1      | Reached XP level 2. HP: 25/25 MP: 1/1
   256 | D:1      | Reached skill level 1 in Armour
   605 | D:2      | Reached XP level 3. HP: 25/30 MP: 2/2
   732 | D:2      | Found a faded altar of an unknown god.
   754 | D:2      | Prayed at the altar of an unknown god.
   754 | D:2      | Became a worshipper of Uskayaw the Reveller
   754 | D:2      | Reached * piety under Uskayaw
   939 | D:2      | Found Immatwez's Antique Armour Boutique.
  1205 | D:3      | Reached ** piety under Uskayaw
  1209 | D:3      | Reached *** piety under Uskayaw
  1210 | D:3      | Reached skill level 5 in Axes
  1210 | D:3      | Reached XP level 4. HP: 37/38 MP: 3/3
  1327 | D:3      | Noticed Robin
  1416 | D:3      | Killed Robin
  1853 | D:3      | Noticed Grinder
  1859 | D:3      | Paralysed by Grinder for 2 turns
  1865 | D:3      | Paralysed by Grinder for 7 turns
  1866 | D:3      | Slain by Grinder

Illustrated notes

Levels and vault maps discovered:
D:1:      dpeg_arrival_stonehenge_8_columns, layout_rooms
D:2:      layout_rooms, serial_shops, shop, chequers_ecumenical_altar_simple
D:3:      layout_basic, old_standard_altar, uniq_robin, uniq_grinder

Skill      XL: |  1  2  3 |
---------------+----------+-----
Axes           | 4 5 |  5.5
Armour         | 1 2 |  2.5
Fighting       | 3 |  3.6
Throwing       | |  2.0
Dodging        | |  3.2

Action                   |  1- 3 |  4- 6 || total
-------------------------+-------+-------++-------
Melee: War axe           |    69 |    37 ||   106
       Headbutt          |     8 |    10 ||    18
       Punch             |     2 |       ||     2
  Use: Scroll            |     3 |       ||     3
 Stab: Paralysed         |       |     1 ||     1
Armor: Leather armour    |    21 |     7 ||    28
Dodge: Dodged            |    39 |    35 ||    74
